 Dungeon Crawl Stone Soup version 0.29-a0-563-g64e4043184 (webtiles) character file.

Game seed: 11292475812924969360

782 dohliylev the Ruffian (level 7, 0/67 HPs)
             Began as a Troll Fighter on June 11, 2022.
             Slain by an orc warrior
             ... wielding a +0 trident
              (20 damage)
             ... on level 5 of the Dungeon.
             The game lasted 00:05:00 (3307 turns).

dohliylev the Ruffian (Troll Fighter)               Turns: 3307, Time: 00:05:01

Health: 0/67       AC:  4    Str: 27    XL:     7   Next: 55%
Magic:  6/6        EV:  7    Int:  4    God:
Gold:   218        SH: 11    Dex:  9    Spells: 6/6 levels left

rFire   . . .      SeeInvis .     - Unarmed
rCold   . . .      Faith    .   t - +0 tower shield
rNeg    + . .      Spirit   .   a - +0 robe
rPois   .          Reflect  .   (helmet restricted)
rElec   .          Harm     .   (no cloak)
rCorr   .          Rampage  .   (gloves unavailable)
Will    .....                   (boots unavailable)
Stlth   +.........              (no amulet)
HPRegen 1.01/turn               d - ring of positive energy
MPRegen 0.10/turn               (no ring)

@: no status effects
A: large, unfitting armour, claws 3, regeneration 1, shaggy fur 1, tough skin 1
a: no special abilities


You were on level 5 of the Dungeon.
You visited 1 branch of the dungeon, and saw 5 of its levels.

You collected 218 gold pieces.

Inventory:

Missiles
 g - 21 poisoned darts
 q - 5 datura-tipped darts (quivered)
Armour
 a - a +0 robe (worn)
 t - a +0 tower shield (worn)
Jewellery
 d - a ring of positive energy (left claw)
 o - a +6 ring of dexterity
Wands
 s - a wand of iceblast (7)
Scrolls
 e - a scroll of enchant weapon {unknown}
 i - 2 scrolls of fear {unknown}
 k - 3 scrolls of amnesia {unknown}
 l - a scroll of blinking {unknown}
 m - 4 scrolls of teleportation {unknown}
 n - 2 scrolls of torment {unknown}
 p - 4 scrolls of identify {unknown}
Potions
 c - a potion of might
 f - 3 potions of attraction {unknown}
 h - a potion of heal wounds {unknown}
 j - 5 potions of curing {unknown}
 r - a potion of mutation {unknown}


   Skills:
 + Level 3.4 Fighting
 + Level 2.0 Throwing
 + Level 4.0 Dodging
 + Level 3.9 Shields
 + Level 5.9 Unarmed Combat


You had 6 spell levels left.
You didn't know any spells.
Your spell library was empty.

Dungeon Overview and Level Annotations

Branches:
Dungeon (5/15)
 Temple: D:4-7

Altars:
Ru


Innate Abilities, Weirdness & Mutations

You are too large for most types of armour.
You have claws for hands.
Your natural rate of healing is unusually fast.
You are covered in fur. (AC +1)
You have tough skin. (AC +1)


Message History

The orc priest begins to cast a cantrip, but forgets the words!
An orc comes into view. It is wielding a +0 flail.
The orc warrior barely misses you.
You claw the orc warrior!
The orc warrior is moderately wounded.
An orc comes into view.
It is wielding a +0 short sword of speed.
The orc warrior barely misses you.
The orc shouts!
You scratch the orc warrior.
The orc warrior is moderately wounded.
The orc priest invokes the aid of Beogh against you.
Pain shoots through your body! You block the orc's attack.
The orc warrior hits you with a +0 trident.
You closely miss the orc warrior.
The orc warrior is moderately wounded.
The orc barely misses you. You block the orc warrior's attack.
You block the orc's attack.
The orc priest hits you with a +0 war axe.
The orc warrior hits you with a +0 trident!
You scratch the orc warrior but do no damage.
The orc warrior is moderately wounded.
You block the orc priest's attack. The orc hits you with a +0 flail.
The orc warrior barely misses you.
An orc comes into view. It is wielding a +0 club.
The orc shouts!
You claw the orc warrior!
The orc warrior is severely wounded.
You block the orc priest's attack. The orc hits you but does no damage.
The orc warrior hits you with a +0 trident!!
You block the orc warrior's attack.
The orc priest invokes the aid of Beogh against you.
Beogh smites you!
* * * LOW HITPOINT WARNING * * *
You block the orc warrior's attack. The orc attacks as you move away!
The orc closely misses you. The orc attacks as you move away!
The orc hits you but does no damage.
You claw the orc!
You kill the orc!
The orc warrior hits you from afar with a +0 trident!!
You die...

#############..
##########...oo)@......#
....##....o#############
............#
..........o.#
............#
.†..........###
####.....[..o.## ..
#...[....#..##
##.###########oo#


You could see an orc warrior, an orc priest and an orc.

Vanquished Creatures
  Grinder (D:3)
  A water moccasin (D:5)
  2 scorpions (D:5)
  2 hounds (D:4)
  An orc priest (D:3)
  2 iguanas (D:4)
  3 orc wizards (D:4)
  7 adders
  2 worms
  3 dart slugs
  7 orcs
  A bat (D:1)
  4 endoplasms
  A giant cockroach (D:3)
  4 goblins
  5 hobgoblins
  2 jackals (D:1)
  5 kobolds
  6 quokkas
  3 ball pythons
  2 frilled lizards
  5 rats
69 creatures vanquished.

Vanquished Creatures (collateral kills)
  2 orcs (D:4)
2 creatures vanquished.

Grand Total: 71 creatures vanquished

Notes
Turn   | Place    | Note
-------+----------+-------------------------------------------
     0 | D:1      | dohliylev the Troll Fighter began the quest for the Orb.
     0 | D:1      | Reached XP level 1. HP: 22/22 MP: 0/0
   282 | D:1      | Reached XP level 2. HP: 29/29 MP: 1/1
   885 | D:2      | Found a faded altar of an unknown god.
   957 | D:2      | Reached XP level 3. HP: 23/36 MP: 2/2
  1017 | D:2      | Found a sacrificial altar of Ru.
  1682 | D:3      | Noticed Grinder
  1702 | D:3      | Killed Grinder
  1703 | D:3      | Reached skill level 1 in Throwing
  1703 | D:3      | Reached skill level 4 in Unarmed Combat
  1703 | D:3      | Reached XP level 4. HP: 24/45 MP: 3/3
  1703 | D:3      | Reached XP level 5. HP: 28/53 MP: 4/4
  1706 | D:3      | Reached XP level 6. HP: 36/61 MP: 5/5
  2500 | D:4      | Reached skill level 5 in Unarmed Combat
  2626 | D:4      | Reached XP level 7. HP: 63/67 MP: 6/6
  3169 | D:5      | Entered Level 5 of the Dungeon
  3307 | D:5      | Slain by an orc warrior

Illustrated notes

Levels and vault maps discovered:
D:1:      lightli_arrival_quake, layout_basic
D:2:      layout_loops_ring, hellmonk_ecumenical_altar_lost_god, basic_altar,
          minmay_tree_intersection
D:3:      layout_basic, grunt_decor_junction, uniq_grinder
D:4:      layout_gridville, minmay_misc_feat_four_crosses
D:5:      layout_rooms, serial_shops, shop

Skill      XL: |  1  2  3  4  5  6  7 |
---------------+----------------------+-----
Shields        | 3 |  3.9
Fighting       | 3 |  3.4
Throwing       | 1 2 |  2.0
Dodging        | 3 4 |  4.0
Unarmed Combat | 4 5 |  5.9

Action                   |  1- 3 |  4- 6 |  7- 9 || total
-------------------------+-------+-------+-------++-------
Melee: Unarmed           |    85 |    82 |    27 ||   194
Throw: Dart              |    18 |     1 |       ||    19
Armor: Robe              |    22 |    18 |     6 ||    46
Dodge: Dodged            |    16 |    26 |    11 ||    53
Block: Kite shield       |    19 |    22 |    10 ||    51
       Tower shield      |       |       |     7 ||     7

Table legend: (Time is in decaauts)
 A = Elapsed time spent in this place.
 B = Non-inter-level travel time spent in this place.
 C = Inter-level travel time spent in this place.
 D = Time resting spent in this place.
 E = Time spent auto-exploring this place.
 F = Levels seen in this place.
 G = Mean time per level.
                   A        B        C        D        E       F      G
               +--------+--------+--------+--------+--------+-----+--------+
         Total |   3323 |   3210 |    113 |    101 |   2474 |   5 |  664.6 |
       Dungeon |   3323 |   3210 |    113 |    101 |   2474 |   5 |  664.6 |
               +--------+--------+--------+--------+--------+-----+--------+

Top non-repeatable levels by time:
     D:4: 865 daAuts
     D:1: 837 daAuts
     D:3: 782 daAuts
     D:2: 699 daAuts
     D:5: 139 daAuts
